 Dungeon Crawl Stone Soup version 0.30.0-29-ga12c61a403 (webtiles) character file.

Game seed: 8109130986304125522

34309 seaoflcl the Cleaver (level 13, -2/172 HPs)
             Began as a Minotaur Fighter on June 16, 2023.
             Was an Initiate of Yredelemnul.
             Killed from afar by Aizul (4 damage)
             ... with a bolt of poison
             ... on level 2 of the Lair of Beasts.
             The game lasted 00:47:29 (17317 turns).

seaoflcl the Cleaver (Minotaur Fighter)            Turns: 17317, Time: 00:47:30

Health: -2/172     AC: 26    Str: 30    XL:     13   Next: 41%
Magic:  16/16      EV:  2    Int:  5    God:    Yredelemnul [......]
Gold:   1276       SH: 11    Dex: 10    Spells: 12/12 levels left

rFire   + . .        E - +3 hand axe
rCold   . . .        Y - +0 buckler {rPois}
rNeg    . . .        V - melded +4 plate armour of the Tarantula {rF- Will+ Regen+}
rPois   +            e - melded +3 hat of Pondering {ponderous, Will+ MP+10 Int+5}
rElec   .            (cloak currently unavailable)
rCorr   .            f - melded +1 pair of gloves "Xekownar" {Stlth+}
SInv    .            H - melded +1 pair of boots
Will    .....        b - amulet of reflection
Stlth   +            m - ring of protection from fire
HPRegen 0.48/turn    D - +6 ring of strength
MPRegen 0.15/turn

%: reflection
@: lethally poisoned (-2 -> -19), tree-form, studying 2 skills
A: stationary, stasis, torment immunity, boosted hp, (horns 2), (retaliatory
headbutt), (shaggy fur 1), weak 1
a: Renounce Religion, Recall Undead Harvest


You were on level 2 of the Lair of Beasts.
You worshipped Yredelemnul.
Yredelemnul was noncommittal.
You were a tree.
You visited 4 branches of the dungeon, and saw 18 of its levels.
You also visited: Gauntlet.

You collected 1276 gold pieces.

Inventory:

Hand Weapons
 w - a +0 heavy war axe
 C - a +0 spear of flaming
 E - a +3 hand axe (weapon)
 F - a +2 morningstar of freezing
 M - a +5 vampiric demon blade
Missiles
 d - 2 throwing nets
 o - 34 poisoned darts (quivered)
 A - 6 javelins
 X - 6 boomerangs of dispersal
 Z - 2 silver javelins
Armour
 e - the +3 hat of Pondering (melded) {ponderous, Will+ MP+10 Int+5}
   (You took it off Gastronok on level 8 of the Dungeon)

   Int:       It affects your intelligence (+5).
   MP:        It affects your magic capacity (+10).
   Will:      It increases your willpower.
 f - the +1 pair of gloves "Xekownar" (melded) {Stlth+}
   (You found it in a Gauntlet)

   Stlth:     It makes you more stealthy.
 p - a +0 tower shield of cold resistance
 H - a +1 pair of boots (melded)
 R - a +0 plate armour
 S - +0 shadow dragon scales
 T - the +0 cloak of Serendipity {-Cast -Tele rPois SInv}
   (You found it on level 1 of the Lair of Beasts)

   rPois:     It protects you from poison.
   SInv:      It lets you see invisible.
   -Cast:     It prevents spellcasting.
   -Tele:     It prevents most forms of teleportation.
 V - the +4 plate armour of the Tarantula (melded) {rF- Will+ Regen+}
   (You found it in a Gauntlet)

   rF:        It makes you vulnerable to fire.
   Regen:     It increases your rate of health regeneration.
   Will:      It increases your willpower.
 W - a +3 tower shield of protection
 Y - a +0 buckler of poison resistance (worn)
Jewellery
 a - a +5 ring of evasion
 b - an amulet of reflection (around neck)
 m - a ring of protection from fire (left branch)
 t - a ring of fire
 D - a +6 ring of strength (right branch)
 I - a +6 ring of dexterity
 P - a ring of ice
 Q - a ring of resist corrosion
Wands
 r - a wand of flame (42)
 z - a wand of paralysis (6)
 B - a wand of quicksilver (25)
 K - a wand of mindburst (4)
 N - a wand of iceblast (6)
Scrolls
 c - 2 scrolls of magic mapping {unknown}
 g - 14 scrolls of teleportation
 j - 8 scrolls of poison
 k - 3 scrolls of blinking {unknown}
 l - 4 scrolls of vulnerability {unknown}
 n - 2 scrolls of brand weapon {unknown}
 v - a scroll of fog
 J - 2 scrolls of silence
 L - 7 scrolls of immolation {unknown}
 U - a scroll of fear
Potions
 h - a potion of invisibility {unknown}
 i - 2 potions of lignification
 q - a potion of ambrosia
 s - 2 potions of resistance
 u - 2 potions of mutation
 x - 2 potions of flight {unknown}
 O - 3 potions of attraction {unknown}
Miscellaneous
 G - a tin of tremorstones (2/2)


   Skills:
 + Level 10.9 Fighting
 + Level 6.6 Long Blades
 + Level 13.9(14.2) Axes
 + Level 4.5(10.1) Polearms
 + Level 8.4 Throwing
 + Level 10.9 Armour
 + Level 10.9 Shields
 + Level 6.4 Invocations
 + Level 5.8 Evocations


You had 12 spell levels left.
You didn't know any spells.
Your spell library contained the following spells:

 Spells                   Type           Power      Damage    Failure   Level
 Foxfire                  Conj/Fire      0%         2x1d4     52%         1
 Freeze                   Ice            0%         1d3       52%         1
 Magic Dart               Conj           0%         1d3       52%         1
 Sandblast                Erth           0%         2d4       52%         1
 Shock                    Conj/Air       0%         1d3       52%         1
 Sting                    Tmut/Pois      0%         1d3       52%         1
 Summon Small Mammal      Summ           0%         N/A       52%         1
 Blink                    Tloc           0%         N/A       65%         2
 Lesser Beckoning         Tloc           0%         N/A       65%         2
 Momentum Strike          Conj/Tloc      0%         3d8       65%         2
 Poisonous Vapours        Pois/Air       0%         N/A       65%         2
 Searing Ray              Conj           0%         2d4       65%         2
 Call Canine Familiar     Summ           0%         N/A       87%         3
 Frozen Ramparts          Ice            0%         1d1       87%         3
 Hailstorm                Conj/Ice       0%         3d3       87%         3
 Mephitic Cloud           Conj/Pois/Air  0%         N/A       87%         3
 Summon Guardian Golem    Hex/Summ       0%         N/A       87%         3
 Swiftness                Air            0%         N/A       87%         3
 Vhi's Electric Charge    Tloc/Air       0%         N/A       87%         3
 Airstrike                Air            0%         2d(0-16)  99%         4
 Cause Fear               Hex            0%         N/A       99%         4
 Fulminant Prism          Conj/Hex       0%         3d5       99%         4
 Ice Form                 Ice/Tmut       0%         N/A       99%         4
 Petrify                  Tmut/Erth      0%         N/A       99%         4
 Summon Ice Beast         Ice/Summ       0%         N/A       99%         4
 Arcjolt                  Conj/Air       0%         1d10      100%        5
 Fireball                 Conj/Fire      0%         3d3       100%        5
 Freezing Cloud           Conj/Ice/Air   0%         6-21      100%        5
 Plasma Beam              Fire/Air       0%         2x1d11    100%        6
 Starburst                Conj/Fire      0%         6d3       100%        6
 Dragon Form              Tmut           0%         N/A       100%        7
 Storm Form               Tmut/Air       0%         N/A       100%        7
 Maxwell's Capacitive Co  Air            0%         ∞         100%        8
 Dragon's Call            Summ           0%         N/A       100%        9


Dungeon Overview and Level Annotations

Branches:
Dungeon (11/15)            Temple (1/1) D:4            Lair (5/5) D:10
  Swamp (1/4) Lair:2       Spider (0/4) Lair:2          Orc (0/2) D:10
Gauntlet (visited)
  Slime: Lair:4-5

Altars:
Ashenzari
Cheibriados
Dithmenos
Elyvilon
Fedhas
Kikubaaqudgha
Makhleb
Nemelex Xobeh
Okawaru
Qazlal
Ru
Sif Muna
Trog
Uskayaw
Vehumet
Wu Jian
Yredelemnul
Zin

Annotations:
Lair:2 2 transporters, Aizul
Lair:5 Kirke


Innate Abilities, Weirdness & Mutations

You are a tree.
Your roots penetrate the ground, keeping you stationary.
You cannot be teleported.
You are immune to unholy pain and torment.
Your maximum health is greatly increased.
Your equipment is partially melded.
((You have a pair of horns on your head.))
((You reflexively headbutt those who attack you in melee.))
((You are covered in fur. (AC +1)))
You are weak. (Str -2)


Message History

* * * LOW HITPOINT WARNING * * *
You slash Aizul!
Aizul is severely wounded.
You feel sick.
Aizul coils herself and waves her upper body at you.
The bolt of poison hits you.
You are more poisoned.
You resist.
* * * LOW HITPOINT WARNING * * *
You slash Aizul!
Aizul is severely wounded.
You feel very sick. Aizul casts a spell at you.
You fall asleep.
You feel very sick.
Aizul coils herself and waves her upper body at you.
The bolt of poison hits you! You resist.
You wake up.
* * * LOW HITPOINT WARNING * * *
You feel better. Aizul casts a spell at you. The bolt of poison hits you!
You resist.
* * * LOW HITPOINT WARNING * * *
You block Aizul's attack.
You hit Aizul.
Aizul is severely wounded.
Aizul casts a spell at you. The bolt of poison hits you! You resist.
* * * LOW HITPOINT WARNING * * *
You miss Aizul.
Aizul is severely wounded.
Aizul hits you!
* * * LOW HITPOINT WARNING * * *
You hit Aizul.
Aizul is severely wounded.
Aizul casts a spell at you. The bolt of poison hits you.
You are lethally poisoned!
You resist.
You die...
Your body rises from the dead as a mindless zombie.

.................................
.######.............###.###.###.Z
.# #P...........## ### ### ##Z
.## ##............######### #..
..# #.............##.#..P.###Z.
.## ##......♣♣♣♣♣.........Z.Z..
.## #......♣♣~♣§♣♣..########.#.
..######....P♣≈S§§§♣).# ####
..#.#.##.....♣♣§♣§§§.## ##
...Z........#♣§§§§§♣..# #.
.............♣♣♣§§♣♣.## ##
............♣.♣♣♣♣♣...# #
.............#.P.....## #
.....................# #
...########..........## ## ...##
#P..........# #. ....###
###..........### ######.


You could see Aizul.

Vanquished Creatures
  Gastronok (D:8)
  A bunyip (Lair:2)
  Harold (Lair:2)
  A centaur warrior (D:11)
  A hydra (Lair:3)
  2 two-headed ogres
  An alligator (Lair:2)
  Amaemon (Lair:1)
  A pharaoh ant (Lair:2)
  An elephant (D:10)
  An ugly thing (D:9)
  An orange demon (Lair:1)
  2 gargoyles
  3 cane toads
  An unseen horror (D:11)
  A kobold demonologist (D:10)
  2 komodo dragons
  3 rime drakes
  2 polar bears
  2 hornets
  A troll (D:11)
  3 tyrant leeches
  10 blink frogs
  A dream sheep (Lair:4)
  A jumping spider (Lair:2)
  Sigmund (D:4)
  17 yaks
  2 vampires
  2 wyverns
  A wraith (D:9)
  3 basilisks
  4 vampire mosquitoes (D:10)
  A steam dragon (D:9)
  7 swamp worms (Gauntlet)
  7 water moccasins
  Duvessa (D:5)
  An ice beast (D:6)
  An orc warrior (D:10)
  3 black bears
  Pargi (D:3)
  2 sky beasts
  3 centaurs
  3 ogres
  9 wolves
  3 phantoms
  A kobold brigand (D:9)
  6 bullfrogs
  3 scorpions
  19 wights
  Dowan (D:5)
  9 killer bees
  A howler monkey (D:8)
  A bullfrog zombie (Lair:3)
  8 jellies
  13 orc priests
  2 hounds (D:7)
  4 iguanas
  Ijyb (D:5)
  Natasha (thrice) (D:4)
  18 orc wizards
  9 gnolls
  4 adders
  A shadow imp (D:7)
  3 white imps
  2 ufetubi (D:6)
  3 dart slugs
  58 orcs
  7 bats
  3 endoplasms
  9 hobgoblins
  2 jackals (D:1)
  4 kobolds
  4 quokkas
  6 ball pythons
  3 frilled lizards
  5 goblins
  4 rats
334 creatures vanquished.

Vanquished Creatures (collateral kills)
  A minotaur (Gauntlet)
  A hydra (Lair:3)
  A two-headed ogre (D:9)
  A black mamba (Lair:4)
  3 cane toads
  A tyrant leech (Gauntlet)
  A troll (D:11)
  8 blink frogs (Lair:2)
  4 dream sheep (Lair:4)
  6 yaks
  Grum (D:9)
  A redback (Lair:2)
  A swamp worm (Gauntlet)
  3 water moccasins
  An orc warrior (D:11)
  An ogre (D:5)
  2 wolves (Lair:3)
  A centaur (D:9)
  3 bullfrogs
  A gnoll sergeant (D:5)
  2 wights (D:10)
  2 killer bees (D:7)
  An electric eel (Lair:1)
  An orc wizard (D:7)
  3 orcs
  A jackal (D:5)
52 creatures vanquished.

Vanquished Creatures (others)
  An ugly thing zombie (D:9)
  2 swamp worm zombies (Gauntlet)
  A hydra zombie (Lair:3)
  2 blink frog zombies (Lair:2)
  A hornet zombie (D:9)
  2 rime drake zombies
  3 water moccasin zombies
  A polar bear zombie (Lair:2)
  2 yak zombies
  9 wolf zombies
  A centaur zombie (D:6)
  4 bullfrog zombies
  A kobold zombie (D:10)
  A black bear zombie (Lair:4)
  A basilisk zombie (D:10)
  2 scorpion zombies (D:5)
  3 killer bee zombies
  An ogre zombie (D:5)
  A hound zombie (D:7)
  A steam dragon zombie (D:9)
  A jelly zombie (D:5)
  2 iguana zombies
  A gnoll zombie (D:5)
  A jackal zombie (D:5)
  30 orc zombies
  2 spectral ufetubi (D:6)
77 creatures vanquished.

Grand Total: 463 creatures vanquished

Notes
Turn   | Place    | Note
-------+----------+-------------------------------------------
     0 | D:1      | seaoflcl the Minotaur Fighter began the quest for the Orb.
     0 | D:1      | Reached XP level 1. HP: 19/19 MP: 0/0
   163 | D:1      | Reached XP level 2. HP: 25/27 MP: 1/1
   218 | D:1      | Reached skill level 3 in Axes
   516 | D:2      | Reached XP level 3. HP: 30/33 MP: 2/2
  1072 | D:3      | Reached XP level 4. HP: 10/40 MP: 3/3
  1235 | D:3      | Reached skill level 4 in Axes
  1517 | D:3      | Reached skill level 1 in Throwing
  1517 | D:3      | Reached XP level 5. HP: 34/47 MP: 4/4
  1719 | D:3      | Noticed Pargi
  1724 | D:3      | Killed Pargi
  1862 | D:3      | Identified the +2 helmet "Qezxut" {Will+}
  2075 | D:4      | Noticed a phantom
  2084 | D:4      | Killed a phantom
  2085 | D:4      | Reached skill level 5 in Axes
  2085 | D:4      | Reached XP level 6. HP: 53/55 MP: 5/5
  2102 | D:4      | Noticed Natasha
  2109 | D:4      | Killed Natasha
  2116 | D:4      | Noticed Natasha
  2126 | D:4      | Killed Natasha
  2127 | D:4      | Reached skill level 5 in Armour
  2202 | D:4      | Reached skill level 5 in Fighting
  2202 | D:4      | Reached skill level 5 in Shields
  2457 | D:4      | Found a burning altar of Makhleb.
  2459 | D:4      | Noticed an Executioner
  2530 | D:4      | Noticed Natasha
  2537 | D:4      | Killed Natasha
  2595 | D:4      | Reached XP level 7. HP: 54/61 MP: 6/6
  2812 | D:4      | Reached skill level 6 in Axes
  2978 | D:4      | Found a staircase to the Ecumenical Temple.
  2993 | Temple   | Entered the Ecumenical Temple
  3036 | Temple   | Became a worshipper of Yredelemnul the Dark
  3143 | D:4      | Noticed Sigmund
  3158 | D:4      | Killed Sigmund
  3610 | D:5      | Entered Level 5 of the Dungeon
  3695 | D:5      | Reached * piety under Yredelemnul
  3698 | D:5      | Reached XP level 8. HP: 70/70 MP: 7/7
  3738 | D:5      | Found a sparkling altar of Nemelex Xobeh.
  3744 | D:5      | Noticed Duvessa
  3745 | D:5      | Found a bloodstained altar of Trog.
  3754 | D:5      | Killed Duvessa
  3755 | D:5      | Reached skill level 7 in Axes
  3755 | D:5      | Noticed Dowan
  3758 | D:5      | Killed Dowan
  3850 | D:5      | Found a shimmering blue altar of Sif Muna.
  3854 | D:5      | Got Sif Muna's Quarto of Geological Battling
  4084 | D:5      | Reached ** piety under Yredelemnul
  4324 | D:5      | Noticed Ijyb
  4328 | D:5      | Paralysed by Ijyb for 2 turns
  4330 | D:5      | Killed Ijyb
  4599 | D:5      | Found an iron altar of Okawaru.
  4675 | D:5      | Reached skill level 8 in Axes
  5768 | D:6      | Reached XP level 9. HP: 59/77 MP: 8/8
  6324 | D:6      | Found a white marble altar of Elyvilon.
  6443 | D:6      | Reached skill level 9 in Axes
  6734 | D:6      | Reached skill level 5 in Throwing
  7256 | D:7      | Found a stormy altar of Qazlal.
  7577 | D:7      | Reached skill level 1 in Invocations
  7577 | D:7      | Reached skill level 1 in Evocations
  7935 | D:7      | Reached skill level 10 in Axes
  8246 | D:8      | Reached XP level 10. HP: 31/88 MP: 10/10
  8678 | D:8      | Noticed Gastronok
  8717 | D:8      | Killed Gastronok
  9037 | D:8      | Found an ancient bone altar of Kikubaaqudgha.
  9082 | D:8      | Found a radiant altar of Vehumet.
  9600 | D:9      | Noticed a red ugly thing
  9601 | D:9      | Noticed Grum
  9610 | D:9      | Killed a red ugly thing
  9611 | D:9      | Reached skill level 11 in Axes
  9613 | D:9      | Killed Grum
  9857 | D:9      | Reached *** piety under Yredelemnul
  9859 | D:9      | Noticed a two-headed ogre
  9929 | D:9      | Killed a two-headed ogre
  9930 | D:9      | Reached XP level 11. HP: 58/95 MP: 12/12
  9940 | D:9      | Reached skill level 1 in Long Blades
 10968 | D:10     | Entered Level 10 of the Dungeon
 10968 | D:10     | Found a staircase to the Lair.
 11337 | D:10     | Found a hide-covered altar of Uskayaw.
 11337 | D:10     | Found a sacrificial altar of Ru.
 11468 | D:10     | Noticed a two-headed ogre
 11490 | D:10     | Killed a two-headed ogre
 11672 | D:10     | Found a staircase to the Orcish Mines.
 11768 | D:10     | Reached skill level 12 in Axes
 12089 | D:10     | Found a glowing silver altar of Zin.
 12430 | D:11     | Noticed a centaur warrior
 12431 | D:11     | Noticed a two-headed ogre
 12444 | D:11     | Killed a two-headed ogre
 12447 | D:11     | Killed a centaur warrior
 13008 | Lair:1   | Entered Level 1 of the Lair of Beasts
 13008 | Lair:1   | Found a gate leading to a gauntlet.
 13011 | Lair:1   | Identified the +0 cloak of Serendipity {-Cast -Tele rPois
                  | SInv}
 13033 | Gauntlet | Entered a Gauntlet
 13033 | Gauntlet | Found a transporter.
 13036 | Gauntlet | Found a transporter.
 13037 | Gauntlet | Noticed a quicksilver ooze
 13038 | Gauntlet | Found a transporter.
 13046 | Gauntlet | Found a transporter.
 13048 | Gauntlet | Found a transporter.
 13050 | Gauntlet | Found a transporter.
 13071 | Gauntlet | Reached XP level 12. HP: 105/105 MP: 14/14
 13076 | Gauntlet | Reached **** piety under Yredelemnul
 13088 | Gauntlet | Identified the +1 pair of gloves "Xekownar" {Stlth+}
 13111 | Gauntlet | Found a transporter.
 13136 | Gauntlet | Identified the +0 helmet of Charity {rCorr Dex+3}
 13148 | Gauntlet | Identified the +5 shortbow of Raek {flame, rPois rF- Str+3}
 13148 | Gauntlet | Noticed a minotaur
 13152 | Gauntlet | Gained mutation: You are covered in fur. (AC +1) [potion of
                  | mutation]
 13152 | Gauntlet | Gained mutation: You are weak. (Str -2) [potion of
                  | mutation]
 13160 | Gauntlet | Killed a minotaur
 13161 | Gauntlet | Reached skill level 5 in Invocations
 13252 | Gauntlet | Identified the +4 plate armour of the Tarantula {rF- Will+
                  | Regen+}
 13252 | Gauntlet | Identified the +1 flail "Tad Deul" {heavy, MP+9}
 13263 | Gauntlet | Identified the +4 ring mail of the Lute {Harm *Corrode rF+}
 13266 | Gauntlet | Got Otoecly's Folio of Reformation
 13523 | Lair:1   | Reached skill level 13 in Axes
 13910 | Lair:1   | Noticed Amaemon
 13922 | Lair:1   | Killed Amaemon
 13923 | Lair:1   | Reached skill level 10 in Armour
 13923 | Lair:1   | Reached skill level 10 in Shields
 13926 | Lair:1   | Reached skill level 1 in Polearms
 14109 | Lair:1   | Reached skill level 10 in Fighting
 14507 | Lair:2   | Reached skill level 5 in Long Blades
 14525 | Lair:2   | Found a transporter.
 14558 | Lair:2   | Found a hole to the Spider Nest.
 14599 | Lair:2   | Found a transporter.
 14625 | Lair:2   | Reached skill level 5 in Evocations
 14671 | Lair:2   | Reached ***** piety under Yredelemnul
 14840 | Lair:2   | Reached ****** piety under Yredelemnul
 14870 | Lair:2   | Noticed Harold
 14881 | Lair:2   | Killed Harold
 14955 | Lair:2   | Found a staircase to the Swamp.
 15005 | Lair:2   | Reached XP level 13. HP: 105/114 MP: 16/16
 15625 | Lair:3   | Identified a scroll of acquirement
 15625 | Lair:3   | Acquired a manual of Axes
 15663 | Lair:3   | Noticed Sonja
 16887 | Lair:5   | Entered Level 5 of the Lair of Beasts
 16887 | Lair:5   | Noticed Kirke
 16963 | Swamp:1  | Entered Level 1 of the Swamp
 16963 | Swamp:1  | Noticed a bunyip
 16968 | Swamp:1  | Noticed Aizul
 16988 | Lair:2   | Killed a bunyip
 17316 | Lair:2   | HP: 2/172 [Aizul (7)]
 17317 | Lair:2   | Killed from afar by Aizul

Illustrated notes

Levels and vault maps discovered:
D:1:      nzn_arrival_crosshair, layout_rooms, minmay_stone_trees_small
D:2:      layout_rooms, minmay_nonomino_d4
D:3:      minmay_door_path, layout_loops_ring, uniq_pargi
D:4:      layout_gridville, makhleb_altar_promises_db,
          minmay_temple_entry_antechambers, uniq_sigmund, uniq_natasha
D:5:      layout_loops_ring, nzn_overflow_gifts_of_might_and_magic,
          lemuel_tele_altar, kennysheep_mini, kennysheep_generic_room_5,
          uniq_ijyb
D:6:      layout_cave_pools, mainiacjoe_overflow_paths
D:7:      layout_layer_cave, mainiacjoe_overflow_six_doors_small,
          minmay_door_square, eino_jars, uniq_duvessa
D:8:      layout_loops_cross, mainiacjoe_overflow_24_doors,
          nicolae_overflow_crystal_walls, uniq_gastronok
D:9:      minmay_distorted_concentric_squares, layout_basic, uniq_grum
D:10:     layout_small_grid, lemuel_doored_altar, jmf_multi_god_temple,
          david_lair_generic, hiddenorc2_lemuel
D:11:     layout_cave_pools
Temple:   jpeg_temple_alley_garden
Lair:1:   layout_concentric_octagons, gauntlet_entry_generic,
          infiniplex_staircase_pool, uniq_amaemon
Lair:2:   gammafunk_worm_tunnel, layout_chaotic_city, minmay_swamp_entry_worms,
          nicolae_spider_entry_lesser_pyramids, uniq_harold
Lair:3:   layout_chaotic_city, wad_woods_river_04, grunt_megastairs_5,
          uniq_sonja
Lair:4:   layout_hall_layers
Lair:5:   evilmike_catoblepas_cave, layout_small_grid,
          nicolae_slime_entry_field_trip, uniq_kirke
Swamp:1:  layout_basic_swamp, lemuel_altar_in_water, uniq_aizul, uniq_louise

Skill      XL: |  1  2  3  4  5  6  7  8  9 10 11 12 13 |
---------------+----------------------------------------+-----
Axes           | 3 4 5 6 8 10 11 12 13 | 13.9
Fighting       | 4 5 6 7 8 9 10 | 10.9
Armour         | 4 5 6 7 8 9 10 | 10.9
Shields        | 4 5 6 7 8 9 10 | 10.9
Throwing       | 1 2 3 4 5 6 7 8 |  8.4
Invocations    | 1 3 4 5 6 |  6.4
Evocations     | 1 3 4 5 |  5.8
Long Blades    | 4 5 6 |  6.6
Polearms       | 3 4 |  4.5

Action                     |  1- 3 |  4- 6 |  7- 9 | 10-12 | 13-15 || total
---------------------------+-------+-------+-------+-------+-------++-------
  Melee: War axe           |   109 |    72 |   205 |   360 |    25 ||   771
         Headbutt          |    17 |     8 |    26 |    63 |    63 ||   177
         Spear             |       |       |       |       |   156 ||   156
         Hand axe          |       |       |       |       |    42 ||    42
  Throw: Dart              |       |     1 |    16 |    27 |     6 ||    50
         Boomerang         |       |       |       |    12 |       ||    12
         Javelin           |       |       |       |     2 |     2 ||     4
 Invoke: Recall Undead Har |       |       |       |     1 |       ||     1
  Evoke: Wand              |       |       |       |     3 |       ||     3
    Use: Potion            |       |     1 |     6 |     4 |     4 ||    15
         Scroll            |       |       |     7 |     8 |     5 ||    20
   Stab: Distracted        |       |       |     1 |     3 |     1 ||     5
 Armour: Scale mail        |    57 |       |       |       |       ||    57
         Chain mail        |    23 |    47 |   123 |    74 |       ||   267
         Plate armour      |       |       |       |   128 |    41 ||   169
         Shadow dragon sca |       |       |       |     5 |       ||     5
         Skin              |       |       |       |     1 |     4 ||     5
  Dodge: Dodged            |    46 |    37 |   101 |   105 |    25 ||   314
  Block: Buckler           |    17 |    14 |   110 |   237 |    57 ||   435
         Reflection        |       |       |       |    16 |     1 ||    17
